 Dungeon Crawl Stone Soup version 0.30-a0-782-ge64f9170bb (webtiles) character file.

Game seed: 7362807365097123294

308778 mopl the Stormcaller (level 20, -2/165 HPs)
             Began as a Black Draconian Air Elementalist on Mar 6, 2023.
             Was the Champion of Vehumet.
             Killed from afar by a servant of whispers (10 damage)
             ... with a bolt of lightning
             ... in the Desolation of Salt on Mar 7, 2023.
             The game lasted 02:31:34 (56066 turns).

mopl the Stormcaller (DrAE)                        Turns: 56066, Time: 02:31:35

Health: -2/165     AC: 13    Str:  9    XL:     20   Next: 36%
Magic:  14/39      EV: 14    Int: 28    God:    Vehumet [******]
Gold:   2403       SH: 13    Dex: 11    Spells: 2/50 levels left

rFire   + . .      SeeInvis .    a - staff of air
rCold   + . .      Faith    .    S - +2 kite shield {reflect}
rNeg    + . .      Spirit   .    (body armour unavailable)
rPois   .          Reflect  +    (helmet restricted)
rElec   +          Harm     .    W - scarf {rC+ rF+}
rCorr   +          Rampage  .    H - +0 pair of gloves
Will    ++++.                    J - +1 pair of boots
Stlth   ++                       Z - amulet of magic regeneration
HPRegen 0.47/turn                v - ring "Sisudgh" {Wiz rN+ Will+++ rCorr Str-5}
MPRegen 0.66/turn                h - +6 ring of intelligence

@: flying, slightly contaminated
A: breathe lightning, AC +10, unfitting armour, big wings, electricity
resistance, cold-blooded
}: 2/15 runes: serpentine, barnacled
a: Breathe Lightning, Renounce Religion


You were in the Desolation of Salt.
You worshipped Vehumet.
Vehumet was exalted by your worship.
You visited 8 branches of the dungeon, and saw 35 of its levels.
You also visited: Ice Cave, Volcano and Desolation.

You collected 3967 gold pieces.
You spent 1564 gold pieces at shops.

Inventory:

Hand Weapons
 R - a +7 demon trident of venom
Missiles
 r - 57 poisoned darts
 s - 5 curare-tipped darts
 y - 6 boomerangs of dispersal
Armour
 H - a +0 pair of gloves (worn)
 J - a +1 pair of boots (worn)
 S - a +2 kite shield of reflection (worn)
 W - a scarf of resistance (worn)
Magical Staves
 a - a staff of air (weapon)
 b - a staff of conjuration
Jewellery
 h - a +6 ring of intelligence (right hand)
 k - a ring of poison resistance
 v - the ring "Sisudgh" (left hand) {Wiz rN+ Will+++ rCorr Str-5}
   (You acquired it on level 4 of the Shoals)

   [ring of wizardry]

   It improves your spell success rate.
   Str:       It affects your strength (-5).
   rN:        It protects you from negative energy.
   rCorr:     It protects you from acid and corrosion.
   Will:      It greatly increases your willpower.
 K - the ring "Dabbageu" {MP+9 Str+2 Int+3}
   (You took it off a deep elf annihilator on level 3 of the Elven Halls)

   [ring of magical power]

   Str:       It affects your strength (+2).
   Int:       It affects your intelligence (+3).
   MP:        It affects your magic capacity (+9).
 P - a ring of see invisible
 Z - an amulet of magic regeneration (around neck)
Wands
 l - a wand of polymorph (13)
 w - a wand of quicksilver (16)
 B - a wand of iceblast (19)
 E - a wand of paralysis (23)
 Q - a wand of flame (33)
 U - a wand of mindburst (6)
 X - a wand of digging (11)
Scrolls
 d - 11 scrolls of poison
 j - 20 scrolls of teleportation
 n - 6 scrolls of immolation
 o - 6 scrolls of vulnerability
 p - 4 scrolls of fog
 x - a scroll of silence {!r}
 C - 8 scrolls of magic mapping
 L - 3 scrolls of blinking
 M - 6 scrolls of fear
 T - a scroll of summoning
Potions
 c - 9 potions of lignification {!q}
 e - 5 potions of haste
 f - 22 potions of curing
 i - 5 potions of heal wounds
 m - 7 potions of invisibility
 q - 3 potions of magic
 u - 4 potions of might
 z - 4 potions of brilliance
 A - 3 potions of berserk rage {!q}
 G - a potion of cancellation
 I - 4 potions of ambrosia
 V - 5 potions of resistance
Miscellaneous
 D - a lightning rod (4/4)
 F - a box of beasts (inert)
 N - a phial of floods
 Y - a condenser vane


   Skills:
 + Level 11.0 Fighting
 + Level 5.1 Staves
 + Level 10.0 Dodging
 - Level 1.7 Stealth
 + Level 11.8 Shields
 + Level 15.6 Spellcasting
 + Level 16.4 Conjurations
 - Level 5.0 Hexes
 + Level 8.0 Transmutations
 * Level 20.8 Air Magic
 + Level 13.4 Evocations


You had 2 spell levels left.
You knew the following spells:

 Your Spells              Type           Power      Damage    Failure   Level
a - Orb of Destruction    Conj           42%        9d12      1%          7
b - Maxwell's Capacitive  Air            59%        ∞         1%          8
c - Lightning Bolt        Conj/Air       56%        1d78      1%          5
d - Irradiate             Conj/Tmut      37%        3d24      1%          5
e - Airstrike             Air            59%        2d(9-25)  0%          4
f - Freezing Cloud        Conj/Ice/Air   47%        6-21      1%          5
g - Conjure Ball Lightni  Conj/Air       56%        3x3d20    1%          6
n - Swiftness             Air            100%       N/A       0%          3
y - Yara's Violent Unrav  Hex/Tmut       27%        3d12      1%          5

Your spell library contained the following spells:

 Spells                   Type           Power      Damage    Failure   Level
 Chain Lightning          Conj/Air       56%        3d75      22%         9
 Lehudib's Crystal Spear  Conj/Erth      31%        10d8      65%         8
 Ignition                 Fire           10%        3d5       100%        8
 Shock                    Conj/Air       100%       1d9       0%          1
 Static Discharge         Conj/Air       100%       2-7/arc   0%          2
 Apportation              Tloc           42%        N/A       1%          1
 Beastly Appendage        Tmut           100%       N/A       1%          1
 Foxfire                  Conj/Fire      100%       2x1d9     1%          1
 Kiss of Death            Conj/Necr      100%       2d13      1%          1
 Necrotise                Necr           84%        1d8       1%          1
 Sandblast                Erth           42%        2d11      1%          1
 Summon Small Mammal      Summ           84%        N/A       1%          1
 Cigotuvi's Dreadful Rot  Necr/Pois/Air  100%       N/A       1%          2
 Momentum Strike          Conj/Tloc      100%       3d10      1%          2
 Passwall                 Tmut/Erth      36%        N/A       1%          2
 Wereblood                Tmut           61%        N/A       1%          2
 Lesser Beckoning         Tloc           42%        N/A       2%          2
 Sublimation of Blood     Necr           21%        N/A       2%          2
 Confusing Touch          Hex            49%        N/A       1%          3
 Dazzling Flash           Conj/Hex       100%       N/A       1%          3
 Frozen Ramparts          Ice            42%        1d7       1%          3
 Hailstorm                Conj/Ice       62%        3d13      1%          3
 Ignite Poison            Fire/Tmut/Pois 36%        N/A       1%          3
 Kindle Blastsparks       Fire/Tloc/Air  100%       2d18      1%          3
 Spider Form              Tmut/Pois      44%        N/A       1%          3
 Stone Arrow              Conj/Erth      100%       3d13      1%          3
 Summon Guardian Golem    Hex/Summ       35%        N/A       1%          3
 Vhi's Electric Charge    Tloc/Air       100%       N/A       1%          3
 Iskenderun's Mystic Bla  Conj/Tloc      62%        2d13      1%          4
 Arcjolt                  Conj/Air       56%        1d66      1%          5
 Fireball                 Conj/Fire      31%        3d13      1%          5
 Ice Form                 Ice/Tmut       44%        N/A       3%          4
 Petrify                  Tmut/Erth      44%        N/A       3%          4
 Starburst                Conj/Fire      31%        6d9       3%          6
 Gell's Gravitas          Tloc           21%        N/A       6%          3
 Teleport Other           Tloc           21%        N/A       6%          3
 Leda's Liquefaction      Hex/Erth       17%        N/A       6%          4
 Lee's Rapid Deconstruct  Erth           10%        3d8*      13%         5
 Spellforged Servitor     Conj/Summ      31%        N/A       14%         7
 Animate Dead             Necr           21%        N/A       17%         4
 Dispel Undead            Necr           21%        3d11      17%         4
 Summon Ice Beast         Ice/Summ       21%        N/A       17%         4
 Summon Mana Viper        Hex/Summ       35%        N/A       17%         5
 Borgnjor's Vile Clutch   Necr/Erth      10%        N/A       43%         5
 Summon Forest            Summ/Tloc      10%        N/A       43%         5
 Statue Form              Tmut/Erth      29%        N/A       45%         6
 Death Channel            Necr           10%        N/A       93%         6
 Simulacrum               Ice/Necr       10%        N/A       93%         6
 Summon Cactus Giant      Summ           10%        N/A       93%         6
 Haunt                    Necr/Summ      10%        N/A       100%        7
 Polar Vortex             Ice            10%        N/A       100%        9


Dungeon Overview and Level Annotations

Branches:
Dungeon (15/15)            Temple (1/1) D:7            Lair (5/5) D:10
 Shoals (4/4) Lair:3        Snake (4/4) Lair:3        Slime (0/5) Lair:4
    Orc (2/2) D:10            Elf (3/3) Orc:2        Vaults (1/5) D:13
 Depths (0/4) D:15          IceCv (visited)         Volcano (visited)
Desolation (1/1)

Altars:
Ashenzari
Cheibriados
Dithmenos
Elyvilon
Fedhas
Gozag
Hepliaklqana
Kikubaaqudgha
Makhleb
Nemelex Xobeh
Okawaru
Qazlal
Sif Muna
Trog
Uskayaw
Vehumet
Wu Jian
Xom
Yredelemnul
Zin
The Shining One
Jiyva

Shops:
D:3 :   Orc:2 ?***   Elf:2 [   Snake:1 **!   Snake:2 (   Snake:4 ?

Annotations:
D:1 dig
Elf:2 3 runed translucent doors


Innate Abilities, Weirdness & Mutations

You can breathe wild blasts of lightning.
Your glossy black scales are hard. (AC +10)
You cannot fit into any form of body armour.
Your large and strong wings let you fly.
You are resistant to electric shocks. (rElec)
You are cold-blooded and may be slowed by cold attacks.


Message History

Your mature stingshock beast blinks!
The electricity discharges through the saltling!
The saltling vaporises in an electric haze!
You destroy the saltling!
Vehumet accepts your kill.
You feel your power returning.
You hear a shout!
You hear a roar!
You hear a shout!
The guardian serpent casts a spell at you.
The saltling blinks! x4; The servant of whispers blinks!
The peacekeeper bites you!
* * * LOW HITPOINT WARNING * * *
The peacekeeper claws you but does no damage.
You feel much better. You block the saltling's attack.
The saltling hits you but does no damage.
The saltling completely misses you.
You block the servant of whispers's attack.
A ragged hierophant comes into view. It is wielding a +0 dagger.
The saltling hits you!
* * * LOW HITPOINT WARNING * * *
The peacekeeper bites you but does no damage.
The peacekeeper claws you!
* * * LOW HITPOINT WARNING * * *
The saltling hits you!!
* * * LOW HITPOINT WARNING * * *
The saltling hits you.
* * * LOW HITPOINT WARNING * * *
The saltling barely misses you. x2; The saltling completely misses you.
Blink to where?
Press: ? - help, Dir - move target A peacekeeper and 4 saltlings come into view.
As you read the scroll of blinking, it crumbles to dust.
A peacekeeper comes into view.
The peacekeeper hurls a volley of spikes at you.
Your +2 kite shield of reflection reflects the volley of spikes!
The volley of spikes hits the peacekeeper!
The peacekeeper roars a battlecry!
The saltling goes into a battle-frenzy!
The servant of whispers invokes the aid of its god against you.
The bolt of lightning hits you! You resist.
You die...

........................
........99a...∩.∩.......
........9§..............
#..S..§.9999........9...
.........9.............9
....................99.#
........§...##..........
............##.........9
................@.......
........§...............
...##...§......H........
....§§§§§9..............
# ##..§§§........#......
#....§.§........#....§
#§§§§§§§.............§
#§§§§§§..............§
§§§§§§§...........


You could see a servant of whispers, 3 peacekeepers, 7 saltlings and a friendly
mature stingshock beast (summoned).

Vanquished Creatures
  Saint Roka (Orc:2)
  Vashnia (Snake:3)
  Jorgrun (Shoals:3)
  Mlioglotl (Shoals:3)
  3 deep elf master archers (Elf:3)
  3 deep elf blademasters (Elf:3)
  A kraken (Shoals:1)
  Polyphemus (Shoals:4)
  An azure jelly (IceCv)
  Roxanne (Shoals:4)
  A nagaraja (Snake:4)
  5 deep elf sorcerers
  Ilsuiw (Shoals:3)
  Aizul (Snake:4)
  2 angels (Vaults:1)
  5 deep elf elementalists (Elf:3)
  An orc warlord (Orc:2)
  An ironbound preserver (Vaults:1)
  An ironbound thunderhulk (Vaults:1)
  A stone giant (Volcano)
  Nessos (Orc:1)
  2 deep elf demonologists (Elf:3)
  11 deep elf annihilators
  6 deep elf death magi
  2 fire dragons (Lair:5)
  3 merfolk javelineers
  A yaktaur captain (Vaults:1)
  11 merfolk impalers
  5 deep elf high priests (Elf:3)
  4 catoblepae
  5 hydras
  3 peacekeepers (Desolation)
  3 salamander tyrants (Snake:4)
  5 ogre magi
  5 centaur warriors
  5 merfolk avatars
  An ironbound frostheart (Vaults:1)
  6 merfolk aquamancers
  13 anacondas
  4 alligator snapping turtles
  A satyr (Shoals:2)
  5 boulder beetles
  16 dancing weapons
  28 two-headed ogres
  6 death yaks
  5 tengu warriors
  11 naga warriors
  23 naga sharpshooters
  11 deep elf knights
  9 shock serpents
  5 salamander mystics (Snake:4)
  4 skeletal warriors (D:14)
  A swamp dragon (Lair:5)
  4 skysharks
  17 sea snakes
  An obsidian statue (D:9)
  Pikel (D:5)
  8 naga ritualists
  25 harpies
  16 deep elf archers
  2 necromancers
  26 deep elf pyromancers
  2 ironbound convokers (Vaults:1)
  5 lindwurms
  A wolf spider (D:11)
  An orc knight (Orc:2)
  29 deep elf zephyrmancers
  13 mana vipers
  An ugly thing (D:12)
  4 orc sorcerers
  20 fauns
  6 cyclopes
  16 salamanders
  26 manticores
  7 elephants (Lair:4)
  48 black mambas
  7 water nymphs
  An eye of devastation (Lair:4)
  12 merfolk sirens
  Maurice (D:8)
  10 guardian serpents
  11 naga magi
  15 cane toads
  2 centaur zombies
  7 torpor snails
  An ice statue (IceCv)
  2 orange demons (D:12)
  3 unseen horrors
  Maggie (D:7)
  2 centaur skeletons (D:15)
  2 rime drakes
  Psyche (D:10)
  7 komodo dragons
  2 efreet
  5 trolls
  3 tengu conjurers (D:13)
  36 merfolk
  3 polar bears
  4 tyrant leeches (Lair:5)
  4 wind drakes
  9 hornets
  7 saltlings (Desolation)
  15 dream sheep
  9 blink frogs
  12 snapping turtles
  19 slime creatures (IceCv)
  2 air elementals (Elf:3)
  Sigmund (D:2)
  4 water elementals
  2 wraiths
  6 fire bats (Volcano)
  2 shadows (D:11)
  A vampire (D:12)
  5 wyverns
  51 yaks
  5 basilisks
  3 fire elementals
  6 steam dragons
  Eustachio (D:5)
  Menkaure (D:4)
  3 wargs (Orc:2)
  Edmund (D:5)
  6 large abominations (Elf:1)
  4 acid dragons
  8 vampire mosquitoes
  39 nagas
  19 water moccasins
  A floating eye (Lair:4)
  2 swamp drakes (Lair:5)
  22 orc warriors
  A sky beast (D:7)
  4 black bears
  A great orb of eyes simulacrum (IceCv)
  20 ogres
  17 wolves
  5 centaurs
  3 slime creature simulacra (IceCv)
  4 kobold brigands
  6 bullfrogs
  2 elf zombies (Elf:1)
  A glowing shapeshifter simulacrum (IceCv)
  4 earth elementals
  6 necrophages
  2 gnoll sergeants
  7 scorpions
  A hornet simulacrum (D:15)
  7 wights (D:10)
  17 killer bees
  3 electric eels
  5 howler monkeys (D:9)
  8 lava snakes (Volcano)
  A hound (D:5)
  Crazy Yiuf (D:5)
  18 orc priests
  A human zombie (D:10)
  4 jellies
  10 iguanas
  Jessica (D:3)
  17 orc wizards
  3 shapeshifter simulacra (IceCv)
  3 mummies (D:10)
  9 gnolls
  2 howler monkey zombies (D:10)
  6 adders
  An ufetubus (D:6)
  A worm (D:2)
  2 dart slugs
  54 orcs
  8 endoplasms
  2 giant cockroaches
  7 goblins
  9 hobgoblins
  2 jackals (D:3)
  32 kobolds
  7 quokkas
  6 ball pythons
  10 bats
  3 frilled lizards
  10 rats
  2 butterflies (Lair:5)
  3 tentacles (Shoals:1)
1300 creatures vanquished.

Vanquished Creatures (collateral kills)
  A saltling (Desolation)
1 creature vanquished.

Vanquished Creatures (others)
  A deep elf knight (Elf:2)
  A sea snake (Shoals:4)
  A deep elf zephyrmancer (Elf:2)
  31 ball lightnings
  A bush (Lair:3)
  55 fungi
  224 plants
  A tentacle (Shoals:1)
315 creatures vanquished.

Grand Total: 1616 creatures vanquished

Notes
Turn   | Place    | Note
-------+----------+-------------------------------------------
     0 | D:1      | mopl the Draconian Air Elementalist began the quest for the
                  | Orb.
     0 | D:1      | Reached XP level 1. HP: 14/14 MP: 3/3
   152 | D:1      | Reached XP level 2. HP: 20/20 MP: 5/5
   371 | D:1      | Reached XP level 3. HP: 26/26 MP: 2/6
   374 | D:1      | Learned a level 2 spell: Static Discharge
   527 | D:1      | Reached skill level 2 in Conjurations
   937 | D:2      | Reached XP level 4. HP: 31/33 MP: 2/8
   997 | D:2      | Learned a level 4 spell: Airstrike
  1288 | D:2      | Noticed Sigmund
  1459 | D:2      | Killed Sigmund
  1460 | D:2      | Reached skill level 3 in Spellcasting
  1460 | D:2      | Reached skill level 3 in Conjurations
  1460 | D:2      | Reached skill level 4 in Air Magic
  1460 | D:2      | Reached XP level 5. HP: 38/38 MP: 2/10
  1888 | D:3      | Noticed Jessica
  1933 | D:3      | Killed Jessica
  1934 | D:3      | Reached XP level 6. HP: 45/45 MP: 5/11
  2000 | D:3      | Found Fucli's Vocational Training.
  2345 | D:3      | Reached skill level 4 in Spellcasting
  2527 | D:4      | Noticed Menkaure
  2625 | D:4      | Killed Menkaure
  2626 | D:4      | Reached skill level 4 in Conjurations
  2626 | D:4      | Reached skill level 5 in Air Magic
  2823 | D:4      | Found a hide-covered altar of Uskayaw.
  2823 | D:4      | Found a blossoming altar of Fedhas.
  2838 | D:4      | Your scales start taking on a glossy black colour.
  2838 | D:4      | Reached skill level 6 in Air Magic
  2838 | D:4      | Reached XP level 7. HP: 39/50 MP: 3/13
  2838 | D:4      | Gained mutation: You are resistant to electric shocks.
                  | (rElec) [Black Draconian growth]
  3147 | D:4      | Found an ornate altar of the Wu Jian Council.
  3363 | D:5      | Entered Level 5 of the Dungeon
  3578 | D:5      | Reached skill level 7 in Air Magic
  3580 | D:5      | Reached skill level 5 in Conjurations
  3610 | D:5      | Reached skill level 5 in Spellcasting
  3671 | D:5      | Noticed Pikel
  3698 | D:5      | Killed Pikel
  3699 | D:5      | Reached skill level 8 in Air Magic
  3699 | D:5      | Reached XP level 8. HP: 4/57 MP: 3/16
  3709 | D:5      | Noticed Edmund
  3965 | D:5      | Noticed Eustachio
  3969 | D:5      | Killed Eustachio
  3970 | D:5      | Reached skill level 6 in Conjurations
  4002 | D:5      | Killed Edmund
  4003 | D:5      | Reached skill level 6 in Spellcasting
  4688 | D:5      | Found a runed translucent door.
  4689 | D:5      | Noticed Crazy Yiuf
  5028 | D:6      | Reached skill level 9 in Air Magic
  5028 | D:6      | Reached XP level 9. HP: 55/62 MP: 13/18
  5128 | D:6      | Reached skill level 7 in Conjurations
  5474 | D:6      | Reached skill level 7 in Spellcasting
  6087 | D:7      | Noticed Maggie
  6108 | D:7      | Killed Maggie
  6109 | D:7      | Reached skill level 10 in Air Magic
  6470 | D:7      | Found a snail-covered altar of Cheibriados.
  6657 | D:7      | Found a staircase to the Ecumenical Temple.
  6660 | D:7      | Reached skill level 8 in Conjurations
  6670 | Temple   | Entered the Ecumenical Temple
  6740 | Temple   | Became a worshipper of Vehumet
  7071 | D:8      | Noticed Maurice
  7075 | D:8      | Killed Maurice
  7241 | D:8      | Reached XP level 10. HP: 61/69 MP: 21/21
  7269 | D:8      | Reached skill level 8 in Spellcasting
  7913 | D:9      | Reached skill level 11 in Air Magic
  8074 | D:9      | Reached * piety under Vehumet
  8074 | D:9      | Offered knowledge of Foxfire by Vehumet.
  8101 | D:9      | Reached skill level 9 in Conjurations
  8178 | D:9      | Noticed an obsidian statue
  8207 | D:9      | Noticed a cyclops
  8208 | D:9      | Noticed a two-headed ogre
  8311 | D:9      | Noticed a two-headed ogre
  8330 | D:9      | Killed a two-headed ogre
  8405 | D:9      | Paralysed by a hornet for 1 turns
  8584 | D:9      | Found a sparkling altar of Nemelex Xobeh.
  9176 | D:9      | Killed a two-headed ogre
  9177 | D:9      | Reached skill level 9 in Spellcasting
  9177 | D:9      | Reached skill level 12 in Air Magic
  9385 | D:10     | Entered Level 10 of the Dungeon
  9466 | D:10     | Noticed Psyche
  9474 | D:10     | Killed Psyche
  9626 | D:10     | Reached XP level 11. HP: 71/74 MP: 16/24
  9665 | D:10     | Found a staircase to the Lair.
  9761 | D:10     | Reached skill level 2 in Dodging
  9761 | D:10     | Reached skill level 10 in Conjurations
  9811 | D:10     | Reached skill level 1 in Fighting
  9811 | D:10     | Reached skill level 1 in Evocations
 10077 | D:10     | Reached ** piety under Vehumet
 10077 | D:10     | Offered knowledge of Searing Ray by Vehumet.
 10545 | D:10     | Found a staircase to the Orcish Mines.
 10588 | D:10     | Reached skill level 2 in Fighting
 10736 | D:10     | Found an ancient bone altar of Kikubaaqudgha.
 10786 | Lair:1   | Entered Level 1 of the Lair of Beasts
 10841 | Lair:1   | Reached skill level 2 in Evocations
 10902 | Lair:1   | Offered knowledge of Mephitic Cloud by Vehumet.
 10903 | Lair:1   | Reached skill level 3 in Dodging
 11155 | Lair:1   | Identified the +2 robe of the Shore {Dex+2}
 11194 | Lair:1   | Reached skill level 3 in Fighting
 11203 | Lair:1   | Reached *** piety under Vehumet
 11238 | Lair:1   | Reached skill level 3 in Evocations
 11333 | Lair:1   | Noticed a boulder beetle
 11616 | Lair:1   | Reached skill level 13 in Air Magic
 11870 | Lair:2   | Reached skill level 10 in Spellcasting
 11877 | Lair:2   | Offered knowledge of Ignite Poison by Vehumet.
 11878 | Lair:2   | Reached skill level 4 in Dodging
 11879 | Lair:2   | Reached skill level 4 in Fighting
 12169 | Lair:2   | Reached XP level 12. HP: 90/91 MP: 17/26
 12306 | Lair:1   | Reached skill level 4 in Evocations
 12354 | Lair:2   | Noticed a catoblepas
 12701 | Lair:2   | Killed a catoblepas
 13138 | Lair:2   | Reached skill level 11 in Conjurations
 13200 | Lair:3   | Reached skill level 5 in Fighting
 13204 | Lair:3   | Learned a level 3 spell: Swiftness
 13315 | Lair:3   | Reached **** piety under Vehumet
 13579 | Lair:3   | Reached skill level 5 in Dodging
 13656 | Lair:3   | Reached skill level 5 in Evocations
 13662 | Lair:3   | Offered knowledge of Lightning Bolt by Vehumet.
 13673 | Lair:3   | Learned a level 5 spell: Lightning Bolt
 13935 | Lair:3   | Reached skill level 6 in Fighting
 13958 | Lair:3   | Noticed a boulder beetle
 13980 | Lair:3   | Killed a boulder beetle
 14041 | Lair:3   | Found a staircase to the Snake Pit.
 14465 | Lair:3   | Found a staircase to the Shoals.
 14660 | Lair:3   | Reached skill level 14 in Air Magic
 14853 | Lair:3   | Reached XP level 13. HP: 47/103 MP: 7/27
 15391 | Lair:4   | Reached skill level 6 in Evocations
 15557 | Lair:4   | Reached ***** piety under Vehumet
 15558 | Lair:4   | Reached skill level 6 in Dodging
 15571 | Lair:4   | Offered knowledge of Irradiate by Vehumet.
 15575 | Lair:4   | Reached skill level 11 in Spellcasting
 15670 | Lair:4   | Found a dark tunnel.
 15677 | Volcano  | Entered a volcano
 15846 | Volcano  | Reached skill level 7 in Fighting
 16236 | Volcano  | Noticed a stone giant
 16257 | Volcano  | Killed a stone giant
 16317 | Volcano  | Learned a level 5 spell: Irradiate
 16402 | Volcano  | Found a burning altar of Makhleb.
 16542 | Lair:4   | Found a viscous altar of Jiyva.
 16542 | Lair:4   | Found a staircase to the Slime Pits.
 16545 | Lair:4   | Paralysed by a floating eye for 2 turns
 16827 | Lair:4   | Identified the +2 sling "Ohaujoax" {antimagic, rElec Will++
                  | Dex+3 Stlth+}
 17053 | Lair:4   | Reached skill level 1 in Transmutations
 17059 | Lair:4   | Reached skill level 1 in Shields
 17082 | Lair:4   | Reached skill level 12 in Conjurations
 18030 | Lair:5   | Entered Level 5 of the Lair of Beasts
 18240 | Lair:5   | Reached skill level 2 in Shields
 18287 | Lair:5   | Reached skill level 2 in Transmutations
 18287 | Lair:5   | Reached skill level 7 in Evocations
 19101 | Lair:5   | Gained mutation: Your large and strong wings let you fly.
                  | [Black Draconian growth]
 19101 | Lair:5   | Reached XP level 14. HP: 107/114 MP: 18/29
 19191 | Lair:5   | Found a runed translucent door.
 19401 | Lair:5   | Reached skill level 8 in Fighting
 19423 | Lair:5   | Reached skill level 7 in Dodging
 19484 | Lair:5   | Reached skill level 3 in Shields
 19573 | Lair:5   | Reached skill level 3 in Transmutations
 20020 | Lair:5   | Reached skill level 15 in Air Magic
 20540 | D:11     | Offered knowledge of Lee's Rapid Deconstruction by Vehumet.
 20564 | D:11     | Found a frozen archway.
 20573 | IceCv    | Entered an ice cave
 21278 | IceCv    | Noticed an azure jelly
 21286 | IceCv    | Killed an azure jelly
 21286 | IceCv    | Found a viscous altar of Jiyva.
 21296 | IceCv    | Identified the +1 ice dragon scales of Discretion {rF- rC++
                  | Str+3}
 21860 | D:11     | Reached skill level 4 in Shields
 22060 | D:11     | Reached skill level 4 in Transmutations
 22448 | D:11     | Found an ancient bone altar of Kikubaaqudgha.
 22812 | Orc:1    | Entered Level 1 of the Orcish Mines
 23003 | Orc:1    | Reached skill level 8 in Evocations
 23475 | Orc:1    | Learned a level 5 spell: Freezing Cloud
 23582 | Orc:2    | Entered Level 2 of the Orcish Mines
 23582 | Orc:2    | Noticed Nessos
 23582 | Orc:2    | Found Coabbyh's General Store.
 23582 | Orc:2    | Found Fyfaof Zest's General Store.
 23584 | Orc:2    | Noticed Saint Roka
 23586 | Orc:2    | Reached skill level 9 in Fighting
 23586 | Orc:2    | Offered knowledge of Orb of Destruction by Vehumet.
 23595 | Orc:1    | Killed Nessos
 23946 | Orc:2    | Reached skill level 12 in Spellcasting
 23998 | Orc:2    | Reached XP level 15. HP: 90/124 MP: 9/31
 24133 | Orc:2    | Killed Saint Roka
 24134 | Orc:2    | Reached skill level 8 in Dodging
 24134 | Orc:2    | Reached skill level 5 in Shields
 24354 | Orc:2    | Reached skill level 5 in Transmutations
 24355 | Orc:2    | Reached skill level 13 in Conjurations
 24885 | Orc:2    | Found Cos Feym's Magic Scroll Boutique.
 24885 | Orc:2    | Found Rusigyla's General Store.
 24894 | Orc:2    | Bought a scroll of teleportation for 42 gold pieces
 24896 | Orc:2    | Bought a potion of degeneration for 13 gold pieces
 24898 | Orc:2    | Bought a scroll of fog for 56 gold pieces
 25141 | Orc:2    | Found a staircase to the Elven Halls.
 25330 | Orc:2    | Bought a scroll of identify for 26 gold pieces
 25330 | Orc:2    | Bought 2 scrolls of identify for 52 gold pieces
 25330 | Orc:2    | Bought a scroll of magic mapping for 97 gold pieces
 25330 | Orc:2    | Bought a scroll of vulnerability for 52 gold pieces
 25331 | Orc:2    | Bought a scroll of enchant armour for 97 gold pieces
 25331 | Orc:2    | Bought a scroll of enchant weapon for 97 gold pieces
 25509 | D:5      | Killed Crazy Yiuf
 25642 | Lair:1   | Learned a level 7 spell: Orb of Destruction
 26168 | D:12     | Offered knowledge of Conjure Ball Lightning by Vehumet.
 26259 | D:12     | Learned a level 6 spell: Conjure Ball Lightning
 26362 | D:13     | Identified the +0 ring mail "Xabadgh" {+Blink +Inv rF+
                  | Dex-2}
 26396 | D:13     | Identified the +9 quarterstaff of the Witching Gods {flame,
                  | MP+9 Str+2 Dex+5}
 26533 | D:13     | Reached skill level 9 in Evocations
 26832 | D:13     | Reached skill level 16 in Air Magic
 26891 | D:13     | Found a gate to the Vaults.
 27587 | D:14     | Reached skill level 10 in Fighting
 27587 | D:14     | Reached skill level 6 in Shields
 28156 | D:14     | Found a blossoming altar of Fedhas.
 28897 | D:15     | Entered Level 15 of the Dungeon
 29248 | D:15     | Found a staircase to the Depths.
 30400 | Shoals:1 | Entered Level 1 of the Shoals
 30407 | Lair:3   | Offered knowledge of Iron Shot by Vehumet.
 30408 | Lair:3   | Reached XP level 16. HP: 134/135 MP: 25/32
 31257 | Shoals:1 | Reached skill level 9 in Dodging
 31963 | Shoals:1 | Identified the +5 rapier of Defilement {vamp, rC+ Dex+6}
 32454 | Shoals:1 | Noticed a kraken
 32458 | Shoals:1 | Killed a kraken
 32459 | Shoals:1 | Reached skill level 7 in Shields
 33681 | Shoals:2 | Reached skill level 10 in Evocations
 33685 | Shoals:2 | Reached skill level 11 in Fighting
 33688 | Shoals:2 | Reached skill level 13 in Spellcasting
 33688 | Shoals:2 | Reached skill level 14 in Conjurations
 35034 | Shoals:2 | HP: 6/137 [poisoned by a sea snake]
 35364 | Shoals:3 | Reached skill level 17 in Air Magic
 35963 | Shoals:3 | Reached skill level 8 in Shields
 36149 | Shoals:3 | Offered knowledge of Yara's Violent Unravelling by Vehumet.
 36307 | Shoals:3 | Noticed Jorgrun
 36331 | Shoals:3 | Killed Jorgrun
 36332 | Shoals:3 | Reached XP level 17. HP: 84/144 MP: 13/34
 36525 | Shoals:3 | Got the Writings on Violent Illusion
 36571 | Shoals:3 | Learned a level 5 spell: Yara's Violent Unravelling
 36606 | Shoals:3 | Reached ****** piety under Vehumet
 36773 | Shoals:3 | Noticed Ilsuiw
 36786 | Shoals:3 | Reached skill level 10 in Dodging
 36790 | Shoals:3 | Killed Ilsuiw
 37240 | Shoals:4 | Entered Level 4 of the Shoals
 37250 | Shoals:3 | Reached skill level 1 in Hexes
 37382 | Shoals:4 | Noticed Mlioglotl
 38408 | Shoals:4 | Noticed Polyphemus
 38414 | Shoals:4 | Killed Polyphemus
 38415 | Shoals:4 | Reached skill level 2 in Hexes
 38881 | Shoals:4 | Identified the +1 leather armour of Fulun {Int+2}
 38941 | Shoals:4 | Reached skill level 11 in Evocations
 39075 | Shoals:4 | Offered knowledge of Maxwell's Capacitive Coupling by
                  | Vehumet.
 39821 | Shoals:4 | Reached skill level 6 in Transmutations
 40534 | Shoals:3 | Reached skill level 3 in Hexes
 41095 | Shoals:4 | Identified a scroll of acquirement
 41096 | Shoals:4 | Acquired the ring "Sisudgh" {Wiz rN+ Will+++ rCorr Str-5}
 41380 | Shoals:4 | Noticed Roxanne
 41745 | Shoals:4 | Got a barnacled rune of Zot
 41755 | Shoals:4 | Reached skill level 14 in Spellcasting
 41765 | Shoals:4 | Learned a level 8 spell: Maxwell's Capacitive Coupling
 41842 | Shoals:4 | Killed Roxanne
 41990 | Shoals:3 | Killed Mlioglotl
 42491 | Lair:1   | Reached skill level 9 in Shields
 42630 | Elf:1    | Entered Level 1 of the Elven Halls
 43353 | Elf:1    | Reached XP level 18. HP: 141/151 MP: 32/36
 43361 | Elf:1    | Got the Elucidation of the Graveyard
 43403 | Elf:1    | Identified the +0 leather armour of Darkness {rF+}
 43691 | Elf:1    | Reached skill level 15 in Conjurations
 43715 | Elf:1    | Reached skill level 4 in Hexes
 44213 | Elf:2    | Found Buotytesm's Armour Boutique.
 44231 | Elf:2    | Reached skill level 7 in Transmutations
 44245 | Elf:2    | Reached skill level 18 in Air Magic
 45139 | Elf:2    | Offered knowledge of Lehudib's Crystal Spear by Vehumet.
 45139 | Elf:2    | Offered knowledge of Chain Lightning by Vehumet.
 45139 | Elf:2    | Offered knowledge of Ignition by Vehumet.
 45459 | Elf:2    | Reached skill level 5 in Hexes
 45823 | Elf:2    | Found a runed translucent gate.
 45824 | Elf:2    | Found a runed translucent gate.
 45824 | Elf:2    | Found a runed translucent gate.
 45877 | Elf:3    | Entered Level 3 of the Elven Halls
 45963 | Elf:3    | Reached skill level 10 in Shields
 46786 | Elf:3    | Reached skill level 12 in Evocations
 47453 | Elf:3    | Reached skill level 8 in Transmutations
 47525 | Elf:3    | Identified the +4 trident "Usageimu" {freeze, Int+5 Dex-3}
 48156 | Elf:3    | Identified the ring "Dabbageu" {MP+9 Str+2 Int+3}
 48158 | Elf:3    | Identified the +3 ring mail "Paekuxt" {Dex+2}
 48160 | Elf:3    | Reached skill level 19 in Air Magic
 48160 | Elf:3    | Reached XP level 19. HP: 118/153 MP: 29/37
 48738 | Elf:3    | Identified the +0 pair of gloves "Taodaelaurph" {rElec
                  | Str+5 Dex-2}
 48744 | Elf:3    | Got the Spellbook of the Fuming Wyrd
 48755 | Elf:3    | Got Julazury's Notes on Limned Changing
 49123 | Snake:1  | Entered Level 1 of the Snake Pit
 49279 | Snake:1  | Reached skill level 15 in Spellcasting
 49289 | Snake:1  | Found Ysoiwel's General Store.
 49294 | Snake:1  | Found Qexu's Distillery.
 49297 | Snake:1  | Bought a scroll of magic mapping for 105 gold pieces
 49297 | Snake:1  | Bought a potion of curing for 42 gold pieces
 49305 | Snake:1  | Bought a potion of curing for 39 gold pieces
 49305 | Snake:1  | Bought a potion of curing for 39 gold pieces
 49305 | Snake:1  | Bought a potion of curing for 39 gold pieces
 49305 | Snake:1  | Bought a potion of haste for 130 gold pieces
 49305 | Snake:1  | Bought 2 potions of resistance for 260 gold pieces
 49501 | Snake:1  | Found Efoac's General Store.
 49511 | Snake:1  | Bought a potion of curing for 54 gold pieces
 49511 | Snake:1  | Bought a potion of brilliance for 72 gold pieces
 49667 | Snake:1  | Reached skill level 1 in Staves
 50609 | Snake:2  | Found Boutusic's Weapon Shoppe.
 50624 | Snake:2  | You are sucked into a shaft and drop 1 floor!
 50639 | Snake:3  | Reached skill level 2 in Staves
 51212 | Snake:3  | Noticed Vashnia
 51250 | Snake:3  | Killed Vashnia
 51890 | Snake:2  | Reached skill level 11 in Shields
 52586 | Snake:4  | Entered Level 4 of the Snake Pit
 52592 | Snake:4  | Reached skill level 16 in Conjurations
 52595 | Snake:4  | Reached skill level 3 in Staves
 52895 | Snake:4  | Identified the +1 leather armour of Hukhoatu {rCorr}
 52906 | Snake:4  | Reached skill level 20 in Air Magic
 53046 | Snake:4  | Noticed Aizul
 53050 | Snake:4  | Killed Aizul
 53279 | Snake:4  | Reached skill level 13 in Evocations
 53798 | Snake:4  | Reached skill level 4 in Staves
 53815 | Snake:4  | Reached XP level 20. HP: 63/165 MP: 10/39
 54770 | Snake:4  | Found Vemas's Magic Scroll Emporium.
 54778 | Snake:4  | Bought a scroll of blinking for 105 gold pieces
 54778 | Snake:4  | Bought a scroll of blinking for 105 gold pieces
 54778 | Snake:4  | Bought a scroll of teleportation for 42 gold pieces
 55229 | Snake:4  | Got a serpentine rune of Zot
 55592 | Vaults:1 | Entered Level 1 of the Vaults
 55613 | Vaults:1 | Learned a level 4 spell: Airstrike
 55699 | Vaults:1 | Found a glowing silver altar of Zin.
 55701 | Vaults:1 | Found a crumbling gateway.
 55701 | Vaults:1 | Found a white marble altar of Elyvilon.
 55726 | Vaults:1 | Reached skill level 5 in Staves
 55731 | Vaults:1 | Found a glowing golden altar of the Shining One.
 55744 | Desolati | Entered the Desolation of Salt
 56065 | Desolati | HP: 7/165 [saltling (4)]
 56066 | Desolati | Killed from afar by a servant of whispers

Illustrated notes

Levels and vault maps discovered:
D:1:      dpeg_arrival_subterranean_lakeside_camping, layout_basic,
          serial_glass, glass_columns_c, glass_columns_c, glass_columns_a,
          item_on_display_a, columned_hall_lemuel, minmay_misc_feat_iff
D:2:      minmay_general_purpose_star, layout_loops_cross, grunt_decor_junction,
          uniq_sigmund
D:3:      layout_loops_ring, nicolae_shop_vocational, uniq_jessica
D:4:      layout_cave_pools, gammafunk_temple_overflow_elements,
          nicolae_overflow_hidden_temple, mainiacjoe_overflow_surrounded_room,
          uniq_menkaure
D:5:      layout_loops_ring, uniq_crazy_yiuf_cottage, uniq_edmund, uniq_pikel,
          uniq_eustachio
D:6:      cheibrodos_steamvent, layout_cave_pods
D:7:      layout_basic, nicolae_overflow_crystal_walls,
          minmay_temple_entry_proselytizer, uniq_maggie
D:8:      layout_basic, uniq_maurice
D:9:      layout_roguey, nemelex_altar_shiori, minivault_16, lightli_minifort
D:10:     layout_rooms, lemuel_mausoleum_altar_kikubaaqudgha,
          grunt_lair_entry_orc_guard_hut, david_orc_4, uniq_psyche
D:11:     layout_basic, portal_ice_cave_entry_pillars_2, roderic_roman_lattice,
          minmay_ruined_shrine
D:12:     layout_basic, einodemon_barbed_minivault
D:13:     layout_grid_maze, david_vaults_1
D:14:     layout_basic, fedhas_altar_4
D:15:     grunt_enter_depths_magical_seal, layout_loops_ring,
          minmay_misc_feat_nine_boxes
Temple:   nicolae_temple_great_sept
Lair:1:   layout_chaotic_city, minivault_27, minmay_shattered_shrine,
          infiniplex_staircase_pool
Lair:2:   layout_loops_ring, minivault_24
Lair:3:   nzn_winding_woodlands_cross
          [nzn_winding_woodlands_5x15_pathside_ponds,
          nzn_winding_woodlands_5x15_longhouse,
          nzn_winding_woodlands_5x15_pockets, nzn_winding_woodlands_5x15_jagged,
          nzn_winding_woodlands_15x15_eel_pit], layout_small_grid,
          elwin_shoals_entry_stream
Lair:4:   layout_cave_pods, minmay_slime_entry_eyes, enter_volcano_2,
          lemuel_fruit_fields
Lair:5:   wormcave, layout_misc_corridors, guppyfry_lair_end_dragon,
          grunt_megastairs_3, serial_bayou_shore_b, lemuel_fruit_fields
Shoals:1: layout_shoals
Shoals:2: cheibrodos_shoals_three_sisters, layout_shoals,
          nicolae_shoals_circle_sea_wall
Shoals:3: nzn_motion_control, layout_shoals, nzn_prometheus_bound, uniq_jorgrun,
          uniq_ilsuiw
Shoals:4: shoals_end_hangedman, layout_shoals, uniq_mlioglotl, uniq_polyphemus,
          uniq_roxanne
Snake:1:  layout_onion, serial_shops, shop_statue, minmay_shop_star
Snake:2:  layout_misc_corridors, serial_shops, shop
Snake:3:  layout_honeycomb, uniq_vashnia
Snake:4:  snake_pit_salamanders_mu, layout_cave_town, serial_shops,
          nicolae_lakefront_shop, nicolae_snake_storage_room, uniq_aizul
Orc:1:    layout_caves
Orc:2:    st_orc_ogre_mass, layout_caves, nicolae_orc_sculptors_studio,
          uniq_nessos, uniq_saint_roka
Elf:1:    eino_elf_arrival_sip, layout_rooms, minmay_elf_necromancy,
          amcnicky_mini_corridor_feature, st_stairs_2, grunt_megastairs_1
Elf:2:    nicolae_elf_blades_crystal_corner, layout_geoelf_octagon,
          serial_shops, shop
Elf:3:    minmay_elf_hall_furrowed, layout_loops_corners
Vaults:1: portal_desolation_entry_holy_temple, nicolae_vaults_angled_halls,
          grunt_vaults_swirl, vaults_room_glass_cross, hangedman_vaults_nails,
          layout_vaults_omnigrid
Desolation

Skill      XL: |  1  2  3  4  5  6  7  8  9 10 11 12 13 14 15 16 17 18 19 20 |
---------------+-------------------------------------------------------------+-----
Conjurations   | 2 3 4 5 6 8 9 10 11 12 13 14 15 16 | 16.4
Spellcasting   | 3 4 5 6 7 9 10 11 12 13 14 15 | 15.6
Air Magic      | 4 6 8 9 10 12 13 14 15 16 17 19 20 | 20.8
Dodging        | 4 5 6 7 8 9 10 | 10.0
Fighting       | 4 6 7 9 10 11 | 11.0
Evocations     | 3 5 7 8 9 10 11 12 13 | 13.4
Transmutations | 2 4 5 6 8 |  8.0
Shields        | 2 4 6 8 9 10 11 | 11.8
Hexes          | 3 5 |  5.0
Staves         | 4 5 |  5.1
Stealth        | |  1.7

Action                     |  1- 3 |  4- 6 |  7- 9 | 10-12 | 13-15 | 16-18 | 19-21 || total
---------------------------+-------+-------+-------+-------+-------+-------+-------++-------
  Melee: Unarmed           |     4 |       |       |       |       |       |       ||     4
         Tailslap          |     5 |     5 |     8 |    37 |    58 |    25 |     4 ||   142
         Short sword       |    30 |    31 |       |       |       |       |       ||    61
         Dagger            |       |       |    40 |   226 |   247 |    23 |       ||   536
         Punch             |       |       |       |     4 |     2 |       |       ||     6
         Hand axe          |       |       |       |       |     5 |       |       ||     5
         Rapier            |       |       |       |       |       |    39 |       ||    39
         Demon trident     |       |       |       |       |       |   148 |       ||   148
         Staff             |       |       |       |       |       |       |    69 ||    69
   Cast: Shock             |    56 |   120 |   163 |   324 |    49 |       |       ||   712
         Static Discharge  |       |       |    29 |   153 |   114 |     6 |       ||   302
         Airstrike         |       |       |    17 |    57 |   195 |   226 |     3 ||   498
         Lightning Bolt    |       |       |       |    12 |   274 |   246 |    84 ||   616
         Swiftness         |       |       |       |       |     1 |     1 |     1 ||     3
         Freezing Cloud    |       |       |       |       |    26 |    84 |    50 ||   160
         Irradiate         |       |       |       |       |    21 |    45 |    15 ||    81
         Conjure Ball Ligh |       |       |       |       |       |    11 |       ||    11
         Maxwell's Capacit |       |       |       |       |       |    68 |   107 ||   175
         Orb of Destructio |       |       |       |       |       |     7 |       ||     7
Ability: Breathe Lightning |       |       |    13 |    39 |    27 |     3 |       ||    82
  Evoke: Wand              |       |       |       |     1 |    13 |     8 |     1 ||    23
         Condenser vane    |       |       |       |       |       |     1 |       ||     1
         Box of beasts     |       |       |       |       |       |       |     1 ||     1
    Use: Scroll            |       |       |     6 |     7 |    12 |    11 |     6 ||    42
         Potion            |       |       |     2 |       |     4 |     1 |     2 ||     9
   Stab: Sleeping          |     2 |       |     1 |       |     1 |       |       ||     4
         Paralysed         |       |       |       |     3 |    20 |     7 |       ||    30
 Armour: Skin              |    16 |    21 |    30 |   170 |   156 |    81 |    55 ||   529
  Dodge: Dodged            |    33 |    44 |    75 |   371 |   321 |   261 |   107 ||  1212
  Block: Buckler           |       |       |       |       |    50 |       |       ||    50
         Tower shield      |       |       |       |       |    80 |   143 |       ||   223
         Kite shield       |       |       |       |       |       |   239 |   161 ||   400
         Reflection        |       |       |       |       |       |    45 |    46 ||    91

Table legend: (Time is in decaauts)
 A = Elapsed time spent in this place.
 B = Non-inter-level travel time spent in this place.
 C = Inter-level travel time spent in this place.
 D = Time resting spent in this place.
 E = Time spent auto-exploring this place.
 F = Levels seen in this place.
 G = Mean time per level.
                   A        B        C        D        E       F      G
               +--------+--------+--------+--------+--------+-----+--------+
         Total |  56259 |  51324 |   4935 |  20645 |  19748 |  38 | 1480.5 |
       Dungeon |  17617 |  16146 |   1471 |   4676 |   8423 |  15 | 1174.5 |
        Temple |     82 |     70 |     12 |      0 |     58 |   1 |   82.0 |
          Lair |  10981 |   9380 |   1601 |   3603 |   3552 |   5 | 2196.2 |
        Shoals |  10267 |   9367 |    900 |   5337 |   2438 |   4 | 2566.8 |
     Snake Pit |   6241 |   5710 |    531 |   2098 |   2489 |   4 | 1560.2 |
  Orcish Mines |   2354 |   2177 |    177 |   1121 |    596 |   2 | 1177.0 |
   Elven Halls |   6371 |   6131 |    240 |   2968 |   1828 |   3 | 2123.7 |
        Vaults |    149 |    149 |      0 |      0 |      0 |   1 |  149.0 |
      Ice Cave |   1130 |   1130 |      0 |    430 |    149 |   1 | 1130.0 |
       Volcano |    744 |    744 |      0 |    277 |    214 |   1 |  744.0 |
    Desolation |    318 |    318 |      0 |    135 |      0 |   1 |  318.0 |
               +--------+--------+--------+--------+--------+-----+--------+

Top non-repeatable levels by time:
Shoals:3: 4149 daAuts
  Lair:3: 3609 daAuts
Shoals:1: 2800 daAuts
   Elf:3: 2787 daAuts
 Snake:4: 2444 daAuts
  Lair:5: 2314 daAuts
    D:10: 2113 daAuts
   Elf:1: 2044 daAuts
 Snake:3: 1915 daAuts
     D:9: 1820 daAuts
  Lair:4: 1798 daAuts
Shoals:4: 1726 daAuts
  Lair:2: 1714 daAuts
Shoals:2: 1591 daAuts
  Lair:1: 1544 daAuts
